 Dungeon Crawl Stone Soup version 0.19-a0-1384-gbb462ca (webtiles) character file.

37 mopl the Sneak (level 3, -1/35 HPs)
             Began as an Ogre Wanderer on Sept 3, 2016.
             Slain by an adder (5 damage)
             ... on level 2 of the Dungeon.
             The game lasted 00:01:48 (1210 turns).

mopl the Sneak (Ogre Wanderer)                      Turns: 1210, Time: 00:01:49

Health: -1/35      AC:  3    Str: 18    XL:     3   Next: 41%
Magic:  3/3        EV: 10    Int:  9    God:
Gold:   40         SH:  0    Dex: 11    Spells: 0 memorised, 2 levels left

rFire  . . .     SeeInvis .     e - +0 club
rCold  . . .     Gourm    .     a - +0 robe
rNeg   . . .     Faith    .     (no shield)
rPois  .         Spirit   .     (helmet restricted)
rElec  .         Dismiss  .     (no cloak)
rCorr  .         Reflect  .     (gloves unavailable)
MR     .....     Harm     .     (boots unavailable)
Stlth  ++........               (no amulet)
                                (no ring)
                                (no ring)

@: lethally poisoned (-1 -> -2)
A: unfitting armour, tough skin 1
a: no special abilities


You were on level 2 of the Dungeon.
You were not hungry.

You visited 1 branch of the dungeon, and saw 2 of its levels.

You collected 40 gold pieces.

Inventory:

Hand Weapons
 e - a +0 club (weapon)
Missiles
 h - 31 stones (quivered)
Armour
 a - a +0 robe (worn)
Wands
 d - a wand of random effects (15/48)
Scrolls
 f - 2 scrolls of teleportation {unknown}
 k - a scroll of immolation {unknown}
 l - 3 scrolls of remove curse {unknown}
 n - 2 scrolls of identify {unknown}
Potions
 c - 2 potions of curing
 i - a potion of agility
 m - a potion of haste {unknown}
 o - a potion of brilliance {unknown}
 p - a potion of degeneration {unknown}
 q - a potion of flight {unknown}
Comestibles
 g - a bread ration
 j - 2 chunks of flesh


   Skills:
 + Level 2.2 Fighting
 * Level 2.3 Maces & Flails
   Level 2.0 Polearms
 + Level 1.6 Throwing
 - Level 2.1 Dodging
 - Level 2.4 Stealth
 - Level 1.0 Evocations


You had 2 spell levels left.
You didn't know any spells.

Dungeon Overview and Level Annotations

Branches:
Dungeon (2/15)

Altars:


Innate Abilities, Weirdness & Mutations

You are too large for most types of armour.
You have tough skin. (AC +1)


Message History

You closely miss the adder.
The adder is heavily wounded.
The adder bites you.
* * * LOW HITPOINT WARNING * * *
The rat bites you.
* * * LOW HITPOINT WARNING * * *
The adder bites you but does no damage.
Throwing (i - inventory. (,) - cycle):
b - 2 throwing nets (quivered)
Press: ? - help, Shift-Dir - straight line, f - adder
Aim: an adder (heavily wounded)
You throw a throwing net. The throwing net misses the adder.
The throwing net closely misses the rat.
You feel sick. The adder barely misses you. The adder closely misses you.
Throwing (i - inventory. (,) - cycle):
b - a throwing net (quivered)
Press: ? - help, Shift-Dir - straight line, f/p - adder
Aim: an adder (heavily wounded)
You throw a throwing net.
The throwing net closely misses the adder.
The throwing net barely misses the rat.
The adder bites you.
You die...

#######.#####
............#
#######.###.## #.#
#..#
#.####.#####...
#..............
########.####.##
.....###.####.#####
....(....rS@.......
..##.#.##.#.#.##.##
#......# # #.#.#..#
#.#....# #.###..#
#< .... ## ...##


You could see an adder and a rat.

Vanquished Creatures
  An adder (D:2)
  An ooze (D:1)
  2 dart slugs
  A giant cockroach (D:1)
  4 goblins
  2 hobgoblins (D:1)
  2 bats
  A giant newt (D:1)
  5 kobolds (D:1)
  2 rats (D:1)
21 creatures vanquished.

Notes
Turn   | Place    | Note
-------+----------+-------------------------------------------
     0 | D:1      | mopl the Ogre Wanderer began the quest for the Orb.
     0 | D:1      | mopl set off with: a +0 robe, 2 throwing nets, a potion of curing, a wand of random effects (15/48), a +0 club, a +0 dagger, a bread ration
     0 | D:1      | Reached XP level 1. HP: 19/19 MP: 1/1
   336 | D:2      | Reached skill level 1 in Maces & Flails
   336 | D:2      | Reached skill level 1 in Throwing
   336 | D:2      | Reached XP level 2. HP: 4/28 MP: 2/2
   491 | D:2      | Reached skill level 2 in Fighting
   919 | D:1      | Reached XP level 3. HP: 26/35 MP: 3/3
   921 | D:1      | Reached skill level 2 in Maces & Flails
  1210 | D:2      | Slain by an adder

Vault maps used:
D:1:      dpeg_arrival_long_road
D:2:      grunt_temple_overflow_cloverleaf

Skill      XL: |  1  2  3 |
---------------+----------+-----
Maces & Flails | 1 2 |  2.3
Throwing       | 1 |  1.6
Fighting       | 2 |  2.2
Polearms       | |  2.0
Dodging        | |  2.1
Stealth        | |  2.4
Evocations     | |  1.0

Action                   || total
-------------------------++-------
Melee: Club              ||   108
Throw: Throwing net      ||     4
 Stab: Sleeping          ||     2
  Eat: Chunk             ||     1
Armor: Robe              ||    35
Dodge: Dodged            ||    71
